 Dungeon Sprint DCSS version 0.30.1 (webtiles) character file.

Game seed: 12756845937394022870

11900000 Groucho the Axe Maniac (level 27, -62/228 HPs)
             Began as a Djinni Warper on July 9, 2023.
             Was the Champion of Makhleb.
             Annihilated by a destroyer
             ... wielding a +9 heavy great sword
              (109 damage)
             ... in the Dungeon (Sprint VIII: "Arena of Blood").
             The game lasted 00:04:48 (119 turns).

Groucho the Axe Maniac (Djinni Warper)               Turns: 119, Time: 00:04:49

Health: -62/228    AC:  6    Str: 10    XL:     27
Gold:   0          EV: 30    Int: 23    God:    Makhleb [******] SH:  0 Dex: 19

rFire   + + .        i - +∞ Axe of Woe
rCold   x . .        (shield currently unavailable)
rNeg    . . .        b - +0 leather armour
rPois   ∞            (no helmet)
rElec   .            (no cloak)
rCorr   .            (no gloves)
SInv    +            (boots unavailable)
Will    ++...        (no amulet)
Stlth   ++++++++++   j - ring of see invisible
HPRegen 0.58/turn    (no ring)
MPRegen 0.00/turn

%: no teleportation, infuse magic (-63 HP)
@: flying, slowed, very slow
A: sickness immunity, fire resistance 2, cold vulnerability 1, float, innate
caster, HP casting, extra vitality 1
a: Renounce Religion, Minor Destruction, Lesser Servant of Makhleb, Major
Destruction, Greater Servant of Makhleb


You were in the Dungeon.
You worshipped Makhleb.
Makhleb was exalted by your worship.
You visited 1 branch

Inventory:

Hand Weapons
 a - a +0 hand axe
 i - the +∞ Axe of Woe (weapon)
   (You found it in the Dungeon)
Missiles
 d - 7 boomerangs of dispersal
Armour
 b - a +0 leather armour (worn)
Jewellery
 j - a ring of see invisible (left hand)
 k - a +250 ring of slaying
 l - a +250 ring of slaying
 m - a +250 ring of slaying
Scrolls
 c - a scroll of blinking
Potions
 e - a potion of curing
 f - a potion of heal wounds
 g - a potion of haste
 h - a potion of berserk rage


   Skills:
 O Level 27 Fighting
 O Level 27 Short Blades
 O Level 27 Long Blades
 O Level 27 Axes
 O Level 27 Maces & Flails
 O Level 27 Polearms
 O Level 27 Staves
 O Level 27 Ranged Weapons
 O Level 27 Throwing
 O Level 27 Armour
 O Level 27 Dodging
 O Level 27 Stealth
 O Level 27 Shields
 O Level 27 Unarmed Combat
 O Level 27 Spellcasting
 O Level 27 Invocations
 O Level 27 Evocations


You knew the following spells:

 Your Spells              Type           Power      Damage    Failure   Level
a - Blink                 Tloc           100%       N/A       0%          2
b - Lesser Beckoning      Tloc           100%       N/A       0%          2
c - Vhi's Electric Charg  Tloc/Air       100%       N/A       0%          3
d - Teleport Other        Tloc           100%       N/A       0%          3
e - Manifold Assault      Tloc           100%       N/A       0%          4
f - Apportation           Tloc           100%       N/A       0%          1
g - Call Imp              Summ           100%       N/A       0%          2
h - Static Discharge      Conj/Air       100%       2-7/arc   0%          2
i - Spider Form           Tmut/Pois      100%       N/A       0%          3
j - Summon Forest         Summ/Tloc      50%        N/A       0%          5
k - Fireball              Conj/Fire      50%        3d20      0%          5
l - Summon Cactus Giant   Summ           50%        N/A       0%          6
m - Starburst             Conj/Fire      50%        6d14      0%          6
n - Monstrous Menagerie   Summ           50%        N/A       0%          7
o - Enfeeble              Hex            50%        N/A       0%          7
p - Lehudib's Crystal Sp  Conj/Erth      50%        10d12     1%          8
q - Maxwell's Capacitive  Air            50%        ∞         1%          8
r - Death's Door          Necr           50%        N/A       1%          9
Your spell library was empty.

Dungeon Overview and Level Annotations

Branches:
Dungeon (1/1)

Altars:
Makhleb


Innate Abilities, Weirdness & Mutations

You are immune to sickness and miasma.
You are immune to poison.
Your flesh is very heat resistant. (rF++)
You are vulnerable to cold. (rC-)
You float through the air rather than walking.
You learn spells naturally, not from books.
Your magical power is your life essence.
You have superior vitality. (+4 MHP)


Message History

The observer convulses!
The scourge convulses!
Your body is wracked with pain!
You hear a shout! x2
The observer gazes at you. Something smites you!
A bag of meat comes into view. It is wielding a +9 war axe.
You hear a shout!
Unknown command.
Press < or > to pray at altars.
You are too injured to fight recklessly!
The bag of meat shouts!
You slash the bag of meat!
You butcher the bag of meat messily.
You kill the bag of meat!
Makhleb accepts your kill.
You feel better.
You slice The Defiler!!
You slaughter The Defiler joyfully.
You kill The Defiler!
Makhleb accepts your kill.
You feel better.
You are engulfed in blazing flames.
You resist.
You hear a shout! x3
The scourge is engulfed in blazing flames.
You hear a shout!
The destroyer casts a spell at you.
The destroyer blinks!
The observer gazes at you. Something smites you!
You hear a shout!
The eight-headed meat hydra calls on the powers of darkness!
The eight-headed meat hydra convulses!
The observer convulses!
The scourge convulses!
Your body is wracked with pain!
* * * LOW HITPOINT WARNING * * *
You hear a shout! x2
The tyrant mumbles some strange words.
The tyrant seems to speed up.
The tyrant casts a spell.
The tyrant seems to speed up.
The scourge is engulfed in blazing flames.
The scourge throws poison sting at you. The poison arrow hits you!
You partially resist.
* * * LOW HITPOINT WARNING * * *
The destroyer hits you with a +9 heavy great sword!!!!
You die...

#... ..# . #.D.
..# ..)###...
))###.
........###.)....
#..)).§.._......
).)..§#.L...#
†.§..)#_.G)_#....
)..).)#))Vo.#.)o.
#°).)).§S@o.z.o..
)§)).§.§###oWL†..
L☼.###.......###.
☼....#.......#..
.....#....)..#)..
.................
......))).)......
........)....)).
.)).).))).)...##.


You could see 2 tyrants, an eight-headed meat hydra, a destroyer, an observer
(fast, invisible), a scourge, a sculptor of flesh, a wretched soul (invisible)
and 5 bags of meat.

Vanquished Creatures
  Sigmund (D)
  12 hell beasts (D)
  Edmund (D)
  4 royal mummies (D)
  6 great orbs of eyes (D)
  7 wraiths (D)
  Harold (D)
  14 vampire knights (D)
  40 ogres (D)
  8 two-headed ogres (D)
  9 liches (D)
  2 hydras (D)
  4 phantoms (D)
  65 orcs (D)
  5 skeletal warriors (D)
  2 sea snakes (D)
181 creatures vanquished.

Notes
Turn   | Place    | Note
-------+----------+-------------------------------------------
     0 | D        | Found the +∞ Axe of Woe
     0 | D        | Groucho the Djinni Warper began the quest for the Orb.
     0 | D        | Groucho set off with the following spells memorised: Blink,
                  | Lesser Beckoning, Vhi's Electric Charge, Teleport Other,
                  | Manifold Assault.
     0 | D        | Reached XP level 1. HP: 18/18 MP: 0/0
     3 | D        | Noticed a bag of meat
     4 | D        | Became a worshipper of Makhleb the Destroyer
     4 | D        | Noticed a bag of meat
     5 | D        | Noticed a bag of meat
     6 | D        | Noticed a bag of meat
     7 | D        | Noticed a bag of meat
     7 | D        | Noticed a bag of meat
     7 | D        | Noticed a bag of meat
     7 | D        | Noticed a bag of meat
     7 | D        | Noticed a bag of meat
     7 | D        | Noticed a bag of meat
     7 | D        | Noticed a bag of meat
     7 | D        | Noticed a bag of meat
     7 | D        | Noticed a bag of meat
     7 | D        | Noticed a bag of meat
     7 | D        | Noticed a bag of meat
     7 | D        | Noticed a bag of meat
     7 | D        | Noticed a bag of meat
     8 | D        | Killed a bag of meat
     8 | D        | Noticed a bag of meat
     8 | D        | Noticed a bag of meat
     8 | D        | Noticed a bag of meat
     9 | D        | Reached skill level 15 in Axes
     9 | D        | Reached skill level 10 in Spellcasting
     9 | D        | Reached XP level 2. HP: 23/23 MP: 0/0
     9 | D        | Reached XP level 3. HP: 28/28 MP: 0/0
     9 | D        | Learned a level 1 spell: Apportation
     9 | D        | Reached XP level 4. HP: 33/33 MP: 0/0
     9 | D        | Reached XP level 5. HP: 38/38 MP: 0/0
     9 | D        | Learned a level 2 spell: Call Imp
     9 | D        | Reached XP level 6. HP: 43/43 MP: 0/0
     9 | D        | Reached XP level 7. HP: 49/49 MP: 0/0
     9 | D        | Learned a level 2 spell: Static Discharge
     9 | D        | Reached XP level 8. HP: 54/54 MP: 0/0
     9 | D        | Reached XP level 9. HP: 58/58 MP: 0/0
     9 | D        | Learned a level 3 spell: Spider Form
     9 | D        | Reached XP level 10. HP: 64/64 MP: 0/0
     9 | D        | Reached XP level 11. HP: 68/68 MP: 0/0
     9 | D        | Learned a level 5 spell: Summon Forest
     9 | D        | Killed a bag of meat
     9 | D        | Reached * piety under Makhleb
     9 | D        | Killed a bag of meat
     9 | D        | Killed a bag of meat
     9 | D        | Killed a bag of meat
     9 | D        | Reached ** piety under Makhleb
     9 | D        | Killed a bag of meat
     9 | D        | Noticed a bag of meat
     9 | D        | Noticed a meat berserker
     9 | D        | Noticed a meat berserker
     9 | D        | Noticed a meat berserker
    10 | D        | Reached skill level 15 in Spellcasting
    10 | D        | Reached XP level 12. HP: 74/74 MP: 0/0
    10 | D        | Reached XP level 13. HP: 78/78 MP: 0/0
    10 | D        | Learned a level 5 spell: Fireball
    10 | D        | Reached XP level 14. HP: 85/85 MP: 0/0
    10 | D        | Killed a bag of meat
    10 | D        | Killed a bag of meat
    10 | D        | Reached *** piety under Makhleb
    10 | D        | Killed a meat berserker
    10 | D        | Noticed a bag of meat
    11 | D        | Reached XP level 15. HP: 89/89 MP: 0/0
    11 | D        | Learned a level 6 spell: Summon Cactus Giant
    11 | D        | Reached **** piety under Makhleb
    12 | D        | Reached XP level 16. HP: 94/94 MP: 0/0
    12 | D        | Noticed a meat berserker
    13 | D        | Reached skill level 27 in Axes
    13 | D        | Reached ***** piety under Makhleb
    14 | D        | Reached skill level 27 in Dodging
    14 | D        | Reached XP level 17. HP: 99/99 MP: 0/0
    14 | D        | Learned a level 6 spell: Starburst
    15 | D        | Killed a meat berserker
    15 | D        | Noticed a meat berserker
    16 | D        | Reached skill level 27 in Spellcasting
    16 | D        | Killed a meat berserker
    17 | D        | Reached XP level 18. HP: 133/133 MP: 0/0
    17 | D        | Reached ****** piety under Makhleb
    18 | D        | Killed a meat berserker
    18 | D        | Killed a meat berserker
    19 | D        | Reached skill level 15 in Invocations
    19 | D        | Reached XP level 19. HP: 160/160 MP: 0/0
    19 | D        | Learned a level 7 spell: Monstrous Menagerie
    20 | D        | Noticed a large bag of meat
    20 | D        | Killed a large bag of meat
    21 | D        | Reached XP level 20. HP: 179/179 MP: 0/0
    21 | D        | Noticed a meat berserker
    24 | D        | Noticed a meat berserker
    25 | D        | Noticed a destroyer
    27 | D        | Reached skill level 27 in Fighting
    27 | D        | Killed a meat berserker
    27 | D        | Noticed a destroyer
    29 | D        | Killed a destroyer
    29 | D        | Killed a meat berserker
    30 | D        | Reached skill level 27 in Armour
    30 | D        | Reached skill level 27 in Invocations
    30 | D        | Reached XP level 21. HP: 187/187 MP: 0/0
    30 | D        | Learned a level 7 spell: Enfeeble
    31 | D        | Noticed a destroyer
    35 | D        | Killed a destroyer
    35 | D        | Killed a destroyer
    39 | D        | Noticed a destroyer
    39 | D        | Killed a destroyer
    40 | D        | Reached skill level 27 in Stealth
    40 | D        | Reached skill level 1 in Short Blades
    40 | D        | Reached skill level 1 in Long Blades
    40 | D        | Reached skill level 1 in Maces & Flails
    40 | D        | Reached skill level 1 in Polearms
    40 | D        | Reached skill level 1 in Staves
    40 | D        | Reached skill level 1 in Ranged Weapons
    40 | D        | Reached XP level 22. HP: 194/194 MP: 0/0
    40 | D        | Noticed a destroyer
    42 | D        | Reached skill level 5 in Shields
    42 | D        | Reached skill level 5 in Unarmed Combat
    42 | D        | Reached skill level 5 in Evocations
    42 | D        | Noticed a destroyer
    42 | D        | Killed a destroyer
    42 | D        | Killed a destroyer
    43 | D        | Reached skill level 10 in Shields
    43 | D        | Reached skill level 10 in Unarmed Combat
    43 | D        | Reached skill level 10 in Evocations
    43 | D        | Noticed a destroyer
    43 | D        | Noticed a meat berserker
    44 | D        | Noticed a meat berserker
    45 | D        | Noticed a meat berserker
    45 | D        | Killed a destroyer
    45 | D        | Killed a meat berserker
    45 | D        | Killed a meat berserker
    46 | D        | Reached XP level 23. HP: 201/201 MP: 0/0
    46 | D        | Learned a level 8 spell: Lehudib's Crystal Spear
    47 | D        | Noticed a large bag of meat
    48 | D        | Noticed a destroyer
    50 | D        | Noticed a destroyer
    52 | D        | Killed a destroyer
    52 | D        | Killed a large bag of meat
    53 | D        | Reached skill level 15 in Short Blades
    53 | D        | Reached skill level 15 in Long Blades
    53 | D        | Reached skill level 15 in Staves
    53 | D        | Reached XP level 24. HP: 208/208 MP: 0/0
    55 | D        | Noticed a tyrant
    56 | D        | Noticed a tyrant
    57 | D        | Noticed a tyrant
    59 | D        | Noticed The Captor
    60 | D        | Killed The Captor
    60 | D        | Noticed a destroyer
    61 | D        | Reached XP level 25. HP: 214/214 MP: 0/0
    61 | D        | Learned a level 8 spell: Maxwell's Capacitive Coupling
    61 | D        | Killed a tyrant
    61 | D        | Noticed a dread
    62 | D        | Reached XP level 26. HP: 221/221 MP: 0/0
    62 | D        | Noticed a dread
    62 | D        | Killed a destroyer
    62 | D        | Killed a dread
    62 | D        | Killed a tyrant
    63 | D        | Reached XP level 27. HP: 228/228 MP: 0/0
    63 | D        | Learned a level 9 spell: Death's Door
    63 | D        | Killed a dread
    63 | D        | Noticed an accursed
    64 | D        | Killed an accursed
    64 | D        | Noticed a meat beast
    65 | D        | Reached skill level 27 in Shields
    65 | D        | Reached skill level 27 in Unarmed Combat
    65 | D        | Reached skill level 27 in Evocations
    65 | D        | Killed a meat beast
    65 | D        | Noticed a tyrant
    66 | D        | Reached skill level 27 in Short Blades
    66 | D        | Reached skill level 27 in Long Blades
    66 | D        | Reached skill level 27 in Staves
    66 | D        | Killed a tyrant
    67 | D        | Noticed a tyrant
    67 | D        | Noticed an accursed
    68 | D        | Killed an accursed
    68 | D        | Killed a tyrant
    69 | D        | Reached skill level 27 in Maces & Flails
    69 | D        | Reached skill level 27 in Polearms
    69 | D        | Reached skill level 27 in Ranged Weapons
    69 | D        | Reached skill level 27 in Throwing
    70 | D        | Noticed a dread
    70 | D        | Killed a dread
    70 | D        | Noticed a meat beast
    71 | D        | Noticed The Servant
    71 | D        | Noticed a large bag of meat
    72 | D        | Noticed a dread
    72 | D        | Killed a dread
    72 | D        | Noticed a dread
    73 | D        | Killed a dread
    73 | D        | Killed a meat beast
    73 | D        | Killed a large bag of meat
    73 | D        | Noticed a destroyer
    74 | D        | Killed a destroyer
    74 | D        | Killed a destroyer
    75 | D        | Killed The Servant
    77 | D        | Noticed a meat beast
    77 | D        | Killed a meat beast
    80 | D        | Noticed a large bag of meat
    82 | D        | Noticed a meat beast
    82 | D        | Killed a meat beast
    82 | D        | Killed a large bag of meat
    82 | D        | Noticed a destroyer
    83 | D        | Killed a destroyer
    84 | D        | Noticed a large bag of meat
    85 | D        | Killed a large bag of meat
    86 | D        | Noticed a meat beast
    86 | D        | Noticed a dread
    87 | D        | Killed a meat beast
    87 | D        | Killed a dread
    88 | D        | Noticed a large bag of meat
    89 | D        | Killed a large bag of meat
    90 | D        | Noticed a meat beast
    91 | D        | Noticed a tyrant
    91 | D        | Killed a meat beast
    91 | D        | Killed a tyrant
    92 | D        | Noticed a large bag of meat
    93 | D        | Killed a large bag of meat
    93 | D        | Noticed a dread
    94 | D        | Noticed a tyrant
    95 | D        | Killed a tyrant
    95 | D        | Killed a dread
    96 | D        | Noticed a large bag of meat
    96 | D        | Noticed a destroyer
    96 | D        | Noticed a meat beast
    97 | D        | Noticed a tyrant
    97 | D        | Noticed a tyrant
    97 | D        | Noticed a meat beast
    98 | D        | Noticed a meat beast
   100 | D        | Noticed a meat beast
   100 | D        | Killed a destroyer
   100 | D        | Noticed a meat beast
   101 | D        | Killed a meat beast
   102 | D        | Killed a meat beast
   102 | D        | Noticed a destroyer
   103 | D        | Killed a meat beast
   103 | D        | Noticed a large bag of meat
   106 | D        | Killed a meat beast
   109 | D        | Killed a meat beast
   109 | D        | Noticed a tyrant
   110 | D        | Noticed a destroyer
   111 | D        | Killed a tyrant
   111 | D        | Noticed an accursed
   113 | D        | Killed a large bag of meat
   113 | D        | Killed a destroyer
   113 | D        | Noticed a tyrant
   114 | D        | Killed an accursed
   114 | D        | Noticed The Defiler
   115 | D        | Killed a tyrant
   115 | D        | Noticed an accursed
   116 | D        | Noticed a meat beast
   117 | D        | Killed a meat beast
   117 | D        | Killed a tyrant
   117 | D        | Killed an accursed
   119 | D        | Killed The Defiler
   119 | D        | Annihilated by a destroyer

Illustrated notes

Levels and vault maps discovered:
D:        meatsprint

Skill      XL: |  1  2  3  4  5  6  7  8  9 10 11 12 13 14 15 16 17 18 19 20 21 22 23 24 25 26 27 |
---------------+----------------------------------------------------------------------------------+-----
Axes           | 15 22 25 26 27 | 27.0
Dodging        | 14 20 23 24 27 | 27.0
Spellcasting   | 10 15 17 18 22 27 | 27.0
Fighting       | 13 21 26 27 | 27.0
Armour         | 9 16 19 27 | 27.0
Invocations    | 9 15 19 27 | 27.0
Stealth        | 6 27 | 27.0
Short Blades   | 1 12 15 19 21 22 27 | 27.0
Long Blades    | 1 12 15 19 21 22 27 | 27.0
Maces & Flails | 1 11 14 18 19 21 27 | 27.0
Polearms       | 1 11 14 18 19 21 27 | 27.0
Staves         | 1 12 15 19 21 22 27 | 27.0
Ranged Weapons | 1 11 14 18 19 21 27 | 27.0
Throwing       | 2 11 14 18 19 21 27 | 27.0
Shields        | 2 13 16 21 22 24 27 | 27.0
Unarmed Combat | 2 13 16 21 22 24 27 | 27.0
Evocations     | 2 13 16 21 22 24 27 | 27.0

Action                     |  1- 3 |  4- 6 |  7- 9 | 10-12 | 13-15 | 16-18 | 19-21 | 22-24 | 25-27 || total
---------------------------+-------+-------+-------+-------+-------+-------+-------+-------+-------++-------
  Melee: Executioner's axe |     1 |       |       |     1 |     2 |     7 |    11 |    18 |   119 ||   159
   Cast: Manifold Assault  |       |       |       |       |       |       |     1 |     5 |    30 ||    36
    Use: Scroll            |     1 |       |       |       |       |       |       |       |       ||     1
   Stab: Distracted        |       |       |       |       |       |       |     1 |       |       ||     1
 Armour: Leather armour    |       |       |       |       |       |       |       |       |     1 ||     1
